AoeStats
← blaswichj

Scandinavia

510422913Analyzed
1v1 RM · 2d ago on Sep 30, 2026· 38m 11s· 2 players
Game mode
Random Map
Map size
Tiny (2 player)
Population
200
Speed
Normal
Resources
Standard
Victory
Conquest
Starting age
Dark Age
Ending age
Imperial Age
RankedLock teamsTeams togetherTeam positionsShared explorationLock speedFull tech treeHidden civsTurbo modeCheats
Victory
Defeat
🇧🇷 Dravidians · Brazil
656
+27
🇻🇪 Franks · Venezuela
660
-29
PsicoDelico
14:47 Feudal Age
15:11 Loom
16:14 Wheelbarrow
15:28 Double-Bit Axe
15:27 Horse Collar
16:17 Gold Mining
17:01 Town Watch
17:10 Fletching
18:03 Fishing Lines
20:36 Castle Age
21:59 Hand Cart
21:40 Gillnets
21:57 Bodkin Arrow
22:35 Padded Archer Armor
23:48 Thumb Ring
24:03 Bow Saw
28:26 Forging
28:32 Leather Archer Armor
29:34 Heavy Plow
31:44 Iron Casting
31:35 Ballistics
35:50 Imperial Age
37:14 Conscription
37:03 Medical Corps
38:07 Chemistry
36:53 Arrowslits
37:10 Elite Elephant Archer
38:23 Bracer
blaswichj
6:22 Loom
12:04 Feudal Age
14:31 Wheelbarrow
13:47 Double-Bit Axe
16:17 Town Watch
20:21 Castle Age
21:43 Forging
21:40 Scale Barding Armor
23:01 Iron Casting
24:59 Husbandry
25:28 Chain Barding Armor
26:19 Bow Saw
26:39 Hand Cart
26:29 Town Patrol
35:24 Imperial Age
38:07 Chemistry
Connection lost

Rejoining the realm…

Still unreachable

The connection could not be restored.

Session expired

The server has moved on; the page needs a fresh start.